 Dungeon Crawl Stone Soup version 0.21.0 (webtiles) character file.

2305 Hekarica the Slicer (level 9, -3/81 HPs)
             Began as a Naga Assassin on May 21, 2018.
             Was an Initiate of Dithmenos.
             Slain by a gnoll sergeant
             ... wielding a +0 trident
              (8 damage)
             ... on level 7 of the Dungeon.
             The game lasted 00:57:39 (6528 turns).

Hekarica the Slicer (Naga Assassin)                 Turns: 6528, Time: 00:57:40

Health: -3/81      AC:  9    Str: 17 (19) XL:     9   Next: 41%
Magic:  9/9        EV:  8    Int: 11      God:    Dithmenos [......]
Gold:   310        SH:  5    Dex: 15 (16) Spells: 8/8 levels left

rFire    + . .     SeeInvis +   a - +6 dagger
rCold    + + .     Gourm    .   o - +0 buckler
rNeg     . . .     Faith    .   j - +2 scale mail {rC+}
rPois    +         Spirit   .   (no helmet)
rElec    .         Reflect  .   q - scarf {rC+ rF+}
rCorr    .         Harm     .   (no gloves)
MR       +....                  (no barding)
Stlth    +++.......             (no amulet)
HPRegen  0.23/turn              u - +5 ring of strength
MPRegen  0.11/turn              (no ring)

@: very slow
A: large, see invisible, deformed body, poison resistance, slowness 2, slow
metabolism 1, spit poison 1, AC +3
a: Spit Poison, Renounce Religion


You were on level 7 of the Dungeon.
You worshipped Dithmenos.
Dithmenos was noncommittal.
You were not hungry.

You visited 2 branches of the dungeon, and saw 8 of its levels.

You collected 310 gold pieces.

Inventory:

Hand Weapons
 a - a +6 dagger (weapon)
 b - a +0 blowgun
Missiles
 e - 8 poisoned needles
 f - 8 curare-tipped needles
 h - 101 arrows
Armour
 j - a +2 scale mail of cold resistance (worn)
 o - a +0 buckler (worn)
 q - a scarf of resistance (worn)
 r - a +0 leather armour of cold resistance
 t - a +1 cloak
Jewellery
 u - a +5 ring of strength (left hand)
Wands
 k - a wand of iceblast (6)
Scrolls
 i - 2 scrolls of remove curse
 p - 2 scrolls of teleportation
Potions
 n - a potion of flight
Comestibles
 g - 6 rations


   Skills:
 * Level 5.1 Fighting
 - Level 10.0 Short Blades
   Level 5.5 Bows
 - Level 1.7 Throwing
 - Level 5.0 Armour
 + Level 1.9 Dodging
 + Level 9.2 Stealth
 - Level 2.9 Shields


You had 8 spell levels left.
You didn't know any spells.

Dungeon Overview and Level Annotations

Branches:
Dungeon (7/15)             Temple (1/1) D:7

Altars:
Ashenzari
Cheibriados
Dithmenos
Elyvilon
Fedhas
Gozag
Hepliaklqana
Kikubaaqudgha
Makhleb
Nemelex Xobeh
Okawaru
Qazlal
Sif Muna
Uskayaw
Xom
Zin
The Shining One


Innate Abilities, Weirdness & Mutations

You cannot wear boots.
Your serpentine skin is tough. (AC +3)
You have supernaturally acute eyesight. (SInv)
Armour fits poorly on your strangely shaped body.
Your system is resistant to poisons. (rPois)
You cover ground very slowly.
You have a slow metabolism.
You can spit poison.


Message History

Aiming: Iceblast
Press: ? - help, Shift-Dir - straight line, f - jackal
Aim: a jackal
Okay, then.
You block the gnoll sergeant's attack.
Things that are here:
a club; a gnoll corpse Evoke which item? (* to show all) (? for menu, Esc to quit)
Aiming: Iceblast
Press: ? - help, Shift-Dir - straight line, f - gnoll sergeant
Aim: a gnoll sergeant, wielding a trident, wearing a runed scale mail and wearing a buckler (heavily wounded)
The mass of ice explodes!
The iceblast engulfs the gnoll sergeant.
The gnoll sergeant is heavily wounded.
The iceblast engulfs the jackal.
The jackal is heavily wounded.
Your attack snaps the jackal out of its fear.
The jackal barks!
You hear a bark!
The gnoll sergeant hits you from afar with a trident!
You die...

#####...###
..........#
###.......#
###>......#
>.........########
##...............#
##........######.#
.......#..# #.#
....[.....# #@#
##..#..##.# #.#
..........# #g#
##........# #h##
#........# #hh#
#........# ##.#
#........# #..#
#........# #.##
#........# #h


You could see a gnoll sergeant and 3 jackals.

Vanquished Creatures
  Sigmund (D:4)
  2 sky beasts
  An ice beast (D:6)
  A hornet zombie (D:7)
  Blork the orc (D:4)
  2 scorpions
  12 killer bees
  3 howler monkeys (D:7)
  Crazy Yiuf (D:6)
  An orc priest (D:5)
  A bullfrog skeleton (D:7)
  2 hounds
  2 jellies
  4 orc wizards
  Ijyb (D:5)
  An iguana (D:7)
  Terence (D:3)
  A worker ant (D:7)
  A howler monkey zombie (D:6)
  3 gnolls (D:7)
  14 adders
  An ooze (D:3)
  2 adder skeletons
  3 dart slugs
  3 leopard geckos
  21 orcs
  6 bats
  3 giant cockroaches
  7 goblins
  6 hobgoblins
  8 jackals
  5 quokkas
  4 frilled lizards
  6 kobolds
  A quokka skeleton (D:5)
  5 rats
137 creatures vanquished.

Notes
Turn   | Place    | Note
-------+----------+-------------------------------------------
     0 | D:1      | Hekarica the Naga Assassin began the quest for the Orb.
     0 | D:1      | Reached XP level 1. HP: 19/19 MP: 1/1
    85 | D:1      | Reached XP level 2. HP: 18/26 MP: 2/2
   950 | D:2      | Reached XP level 3. HP: 24/33 MP: 3/3
  1465 | D:2      | Reached XP level 4. HP: 19/40 MP: 4/4
  1977 | D:3      | Noticed a hand axe
  1991 | D:2      | Reached skill level 3 in Short Blades
  1991 | D:2      | Reached XP level 5. HP: 36/49 MP: 5/5
  2193 | D:3      | Noticed a hand axe
  2194 | D:3      | Found a hide-covered altar of Uskayaw.
  2433 | D:3      | Found a stormy altar of Qazlal.
  2508 | D:3      | Noticed Terence
  2554 | D:3      | Killed Terence
  2943 | D:3      | Found a sparkling altar of Nemelex Xobeh.
  3065 | D:4      | Noticed Blork the orc
  3131 | D:4      | Killed Blork the orc
  3131 | D:4      | Reached XP level 6. HP: 38/56 MP: 6/6
  3140 | D:4      | Reached skill level 4 in Short Blades
  3331 | D:4      | Noticed Sigmund
  3342 | D:5      | Entered Level 5 of the Dungeon
  3358 | D:5      | Reached skill level 9 in Short Blades
  3358 | D:5      | Reached skill level 5 in Bows
  3358 | D:5      | Reached skill level 5 in Armour
  3358 | D:5      | Reached XP level 7. HP: 63/63 MP: 7/7
  3372 | D:5      | Reached skill level 10 in Short Blades
  3756 | D:5      | Found a blossoming altar of Fedhas.
  3840 | D:5      | Noticed Ijyb
  3890 | D:5      | Killed Ijyb
  4202 | D:6      | Reached XP level 8. HP: 72/72 MP: 8/8
  4320 | D:6      | Reached skill level 1 in Shields
  4597 | D:6      | Found a white marble altar of Elyvilon.
  4736 | D:6      | Found a runed door.
  4740 | D:6      | Noticed Crazy Yiuf
  4750 | D:6      | Killed Crazy Yiuf
  4839 | D:7      | Found a staircase to the Ecumenical Temple.
  4861 | Temple   | Entered the Ecumenical Temple
  4939 | Temple   | Became a worshipper of Dithmenos the Shadowed
  5006 | D:4      | Killed Sigmund
  5066 | D:7      | Reached skill level 1 in Dodging
  5091 | D:7      | Reached XP level 9. HP: 62/79 MP: 9/9
  6238 | D:7      | Reached skill level 5 in Fighting
  6528 | D:7      | Slain by a gnoll sergeant

Skill      XL: |  1  2  3  4  5  6  7  8  9 |
---------------+----------------------------+-----
Stealth        | 6 7 8 9 |  9.2
Fighting       | 3 4 5 |  5.1
Short Blades   | 3 9 10 | 10.0
Bows           | 5 |  5.5
Armour         | 5 |  5.0
Shields        | 2 |  2.9
Dodging        | 1 |  1.9
Throwing       | |  1.7

Action                   |  1- 3 |  4- 6 |  7- 9 || total
-------------------------+-------+-------+-------++-------
Melee: Dagger            |   129 |   179 |   435 ||   743
 Fire: Blowgun           |     5 |       |       ||     5
Evoke: Wand              |       |       |     5 ||     5
  Use: Scroll            |     1 |    12 |     6 ||    19
       Potion            |       |     8 |     4 ||    12
 Stab: Sleeping          |     7 |     9 |     6 ||    22
       Distracted        |     1 |       |     1 ||     2
       Fleeing           |       |       |     1 ||     1
  Eat: Ration            |     1 |     1 |     3 ||     5
Armor: Robe              |    30 |    37 |       ||    67
       Leather armour    |       |    18 |       ||    18
       Skin              |       |    17 |       ||    17
       Scale mail        |       |    21 |   109 ||   130
Dodge: Dodged            |    60 |    88 |   105 ||   253
Block: Buckler           |       |       |    44 ||    44
